 Dungeon Crawl Stone Soup version 0.28.0 (webtiles) character file.

Game seed: 16712231964051027751

236 rockstonesolid the Sneak (level 6, -28/44 HPs)
             Began as a Gnoll Enchanter on Feb 17, 2022.
             Was a Plaything of Xom.
             Killed from afar by an acid dragon (39 damage)
             ... with a splash of acid
             ... on level 6 of the Dungeon.
             The game lasted 00:05:46 (797 turns).

rockstonesolid the Sneak (Gnoll Enchanter)           Turns: 797, Time: 00:05:47

Health: -28/44     AC:  2    Str:  8    XL:     6   Next: 6%
Magic:  1/13       EV: 13    Int: 16    God:    Xom [...*..]
Gold:   102        SH:  0    Dex: 12    Spells: 4/15 levels left

rFire   . . .      SeeInvis .   a - +1 dagger
rCold   + . .      Faith    .   (no shield)
rNeg    . . .      Spirit   .   b - +0 robe
rPois   .          Reflect  .   (no helmet)
rElec   .          Harm     .   (no cloak)
rCorr   .          Rampage  .   (no gloves)
Will    .....                   (no boots)
Stlth   +++.......              (no amulet)
HPRegen 0.14/turn               n - ring of protection from cold
MPRegen 0.13/turn               (no ring)

@: no status effects
A: fangs 1, strong nose, distributed training
a: Renounce Religion


You were on level 6 of the Dungeon.
You worshipped Xom.
You were a favourite toy of Xom.
You visited 1 branch of the dungeon, and saw 6 of its levels.

You collected 102 gold pieces.

Inventory:

Hand Weapons
 a - a +1 dagger (weapon)
 d - a +0 short sword
 m - a +1 whip of venom
Armour
 b - a +0 robe (worn)
 f - a +0 buckler
 o - a +0 cloak
Jewellery
 n - a ring of protection from cold (left hand)
Scrolls
 c - a scroll of magic mapping {unknown}
 i - a scroll of teleportation {unknown}
 j - 2 scrolls of fog {unknown}
 k - 2 scrolls of identify {unknown}
Potions
 e - a potion of degeneration {unknown}
 g - a potion of ambrosia {unknown}
 h - 2 potions of brilliance {unknown}
 l - 2 potions of mutation {unknown}
 p - a potion of lignification {unknown}


   Skills:
 + Level 1.8 Fighting
 + Level 3.1 Short Blades
 + Level 1.8 Long Blades
 + Level 1.8 Axes
 + Level 1.8 Maces & Flails
 + Level 1.8 Polearms
 + Level 1.8 Staves
 + Level 1.8 Slings
 + Level 1.8 Bows
 + Level 1.8 Crossbows
 + Level 1.8 Throwing
 + Level 1.8 Armour
 + Level 4.9 Dodging
 + Level 6.2 Stealth
 + Level 1.8 Shields
 + Level 1.8 Unarmed Combat
 + Level 5.3 Spellcasting
 + Level 1.4 Conjurations
 + Level 5.6 Hexes
 + Level 1.4 Summonings
 + Level 1.4 Necromancy
 + Level 1.4 Translocations
 + Level 1.4 Transmutations
 + Level 1.4 Fire Magic
 + Level 1.4 Ice Magic
 + Level 1.4 Air Magic
 + Level 1.4 Earth Magic
 + Level 1.4 Poison Magic
 + Level 2.0 Invocations
 + Level 1.8 Evocations


You had 4 spell levels left.
You knew the following spells:

 Your Spells              Type           Power      Damage    Failure   Level
a - Confusing Touch       Hex            22%        N/A       4%          3
b - Ensorcelled Hibernat  Hex/Ice        30%        N/A       5%          2
c - Tukima's Dance        Hex            22%        N/A       4%          3
d - Dazzling Flash        Conj/Hex       30%        N/A       11%         3

Your spell library contained the following spells:

 Spells                   Type           Power      Damage    Failure   Level
 Slow                     Hex            88%        N/A       1%          1
 Vampiric Draining        Necr           8%         2d6       26%         3


Dungeon Overview and Level Annotations

Branches:
Dungeon (6/15)
 Temple: D:4-7

Altars:
Xom


Innate Abilities, Weirdness & Mutations

You have very sharp teeth.
Your uncanny sense of smell can sniff out nearby items.
Your experience applies equally to all skills.


Message History

Your +0 shortbow falls from the air.
You flicker for a moment.
Casting: Tukima's Dance (dangerous; 4% risk of failure)
Aiming: Ensorcelled Hibernation (safe; 5% risk of failure)
Aim: a black bear (heavily wounded, wandering, hasn't noticed you, chance to affect: 49%)
The black bear resists with some effort.
Casting: Ensorcelled Hibernation (safe; 5% risk of failure)
Aiming: Ensorcelled Hibernation (safe; 5% risk of failure)
Aim: a black bear (heavily wounded, wandering, hasn't noticed you, chance to affect: 49%)
You miscast Ensorcelled Hibernation.
You are very lightly contaminated with residual magic.
Nothing appears to happen.
The black bear growls angrily.
Casting: Ensorcelled Hibernation (safe; 5% risk of failure)
Aiming: Ensorcelled Hibernation (safe; 5% risk of failure)
Aim: a black bear (heavily wounded, wandering, hasn't noticed you, chance to affect: 49%)
The black bear resists with some effort.
Casting: Ensorcelled Hibernation (safe; 5% risk of failure)
You don't have enough magic to cast this spell.
Unknown command.
The black bear growls angrily.
You flicker back into view.
You see here a scroll labelled ZUPUTW XORAA.
c - a scroll labelled ZUPUTW XORAA Your magical contamination has completely faded away.
You see here 13 gold pieces.
You now have 102 gold pieces (gained 13).
Casting: Ensorcelled Hibernation (safe; 5% risk of failure)
Okay, then.
Casting: Ensorcelled Hibernation (safe; 5% risk of failure)
Aiming: Ensorcelled Hibernation (safe; 5% risk of failure)
Aim: a black bear (moderately wounded, chance to affect: 49%)
The black bear resists with some effort.
You hear Xom's avuncular chuckle.
The black bear evaporates and reforms as an acid dragon!
The acid dragon spits acid at you. The splash of acid hits you!!!
Ouch! That really hurt!
You die...
Xom chuckles heartily!

#.....)....#
#.........##
#.........#
#.........#
#..?......#
#.........#
#....D....#
#.........#
#....@....#
###########


You could see an acid dragon (catching breath).

Vanquished Creatures
  A centaur (D:6)
  An iguana (D:4)
  5 adders
  An adder skeleton (D:4)
  A dart slug (D:1)
  3 ball pythons
  An endoplasm (D:1)
  A giant cockroach (D:4)
  4 hobgoblins
  A frilled lizard (D:1)
  4 goblins
  5 kobolds
  3 rats (D:1)
31 creatures vanquished.

Vanquished Creatures (others)
  A scorpion (D:6)
1 creature vanquished.

Grand Total: 32 creatures vanquished

Notes
Turn   | Place    | Note
-------+----------+-------------------------------------------
     0 | D:1      | rockstonesolid the Gnoll Enchanter began the quest for the
                  | Orb.
     0 | D:1      | Reached XP level 1. HP: 13/13 MP: 6/6
    79 | D:1      | Found a faded altar of an unknown god.
    91 | D:1      | Prayed at the altar of an unknown god.
    91 | D:1      | Became a worshipper of Xom of Chaos
   140 | D:1      | Reached XP level 2. HP: 19/19 MP: 7/7
   207 | D:2      | Reached skill level 5 in Spellcasting
   207 | D:2      | Reached XP level 3. HP: 14/25 MP: 7/9
   211 | D:2      | Learned a level 3 spell: Confusing Touch
   214 | D:2      | Learned a level 2 spell: Ensorcelled Hibernation
   218 | D:2      | Learned a level 3 spell: Tukima's Dance
   222 | D:2      | Learned a level 3 spell: Dazzling Flash
   297 | D:2      | Reached skill level 6 in Stealth
   460 | D:3      | Reached skill level 1 in Invocations
   530 | D:4      | Reached skill level 1 in Fighting
   530 | D:4      | Reached skill level 1 in Long Blades
   530 | D:4      | Reached skill level 1 in Axes
   530 | D:4      | Reached skill level 1 in Maces & Flails
   530 | D:4      | Reached skill level 1 in Polearms
   530 | D:4      | Reached skill level 1 in Staves
   530 | D:4      | Reached skill level 1 in Slings
   530 | D:4      | Reached skill level 1 in Bows
   530 | D:4      | Reached skill level 1 in Crossbows
   530 | D:4      | Reached skill level 1 in Throwing
   530 | D:4      | Reached skill level 1 in Armour
   530 | D:4      | Reached skill level 1 in Shields
   530 | D:4      | Reached skill level 1 in Unarmed Combat
   530 | D:4      | Reached skill level 1 in Evocations
   530 | D:4      | Reached XP level 4. HP: 26/32 MP: 11/11
   583 | D:4      | XOM: potion effect (curing)
   628 | D:5      | Entered Level 5 of the Dungeon
   693 | D:4      | Reached skill level 1 in Conjurations
   693 | D:4      | Reached skill level 1 in Summonings
   693 | D:4      | Reached skill level 1 in Necromancy
   693 | D:4      | Reached skill level 1 in Translocations
   693 | D:4      | Reached skill level 1 in Transmutations
   693 | D:4      | Reached skill level 1 in Fire Magic
   693 | D:4      | Reached skill level 1 in Ice Magic
   693 | D:4      | Reached skill level 1 in Air Magic
   693 | D:4      | Reached skill level 1 in Earth Magic
   693 | D:4      | Reached skill level 1 in Poison Magic
   760 | D:6      | Noticed a scorpion
   764 | D:6      | Noticed a centaur
   764 | D:6      | Noticed a black bear
   764 | D:6      | XOM: cast spell 'Olgreb's Toxic Radiance'
   769 | D:6      | Killed a scorpion
   770 | D:6      | Reached XP level 5. HP: 8/37 MP: 8/12
   772 | D:6      | XOM: silly message
   780 | D:6      | Killed a centaur
   781 | D:6      | Reached XP level 6. HP: 8/44 MP: 6/13
   797 | D:6      | Noticed an acid dragon
   797 | D:6      | a black bear changed into an acid dragon
   797 | D:6      | XOM: polymorph black bear -> acid dragon
   797 | D:6      | Killed from afar by an acid dragon

Illustrated notes

Levels and vault maps discovered:
D:1:      ebering_trefoil_3fold, layout_loops_ring,
          chequers_ecumenical_altar_simple_redux
D:2:      layout_rooms, basic_altar
D:3:      layout_loops_corners, grunt_temple_overflow_open, minmay_fountain_box,
          uniq_sigmund
D:4:      layout_basic
D:5:      layout_loops_cross, serial_shops, kennysheep_mini,
          grunt_decor_one_mirror, minivault_19, serial_bayou_pond_b
D:6:      layout_basic, mainiacjoe_overflow_24_doors, temple_green,
          uniq_blork_the_orc

Skill      XL: |  1  2  3  4  5 |
---------------+----------------+-----
Spellcasting   | 5 |  5.3
Stealth        | 6 |  6.2
Invocations    | 1 2 |  2.0
Fighting       | 1 |  1.8
Long Blades    | 1 |  1.8
Axes           | 1 |  1.8
Maces & Flails | 1 |  1.8
Polearms       | 1 |  1.8
Staves         | 1 |  1.8
Slings         | 1 |  1.8
Bows           | 1 |  1.8
Crossbows      | 1 |  1.8
Throwing       | 1 |  1.8
Armour         | 1 |  1.8
Shields        | 1 |  1.8
Unarmed Combat | 1 |  1.8
Evocations     | 1 |  1.8
Conjurations   | 1 |  1.4
Summonings     | 1 |  1.4
Necromancy     | 1 |  1.4
Translocations | 1 |  1.4
Transmutations | 1 |  1.4
Fire Magic     | 1 |  1.4
Ice Magic      | 1 |  1.4
Air Magic      | 1 |  1.4
Earth Magic    | 1 |  1.4
Poison Magic   | 1 |  1.4
Short Blades   | 3 |  3.1
Dodging        | |  4.9
Hexes          | |  5.6

Action                   |  1- 3 |  4- 6 || total
-------------------------+-------+-------++-------
Melee: Short sword       |    48 |       ||    48
       Dagger            |     5 |    33 ||    38
       Bite              |     1 |     7 ||     8
       Whip              |     9 |       ||     9
       Punch             |     2 |       ||     2
 Cast: Confusing Touch   |     1 |     3 ||     4
       Ensorcelled Hiber |       |     8 ||     8
       Tukima's Dance    |       |     1 ||     1
  Use: Potion            |       |     1 ||     1
 Stab: Sleeping          |    12 |     4 ||    16
       Confused          |     1 |     1 ||     2
       Invisible         |       |     1 ||     1
Armor: Robe              |     6 |     3 ||     9
Dodge: Dodged            |    34 |    23 ||    57
